Map: Thunderbird LE

Players

Mez - Winner!

  • Race: Terran Terran
  • League: Master
  • Spawn Location: 5:00

Passman

  • Race: Protoss Protoss
  • League: Master
  • Spawn Location: 11:00

VOD

Have the link to the VOD?

Description

Time

  • Played on: Aug. 11, 2019, 9:09 a.m.
  • Length: 10:17
Show
View Real Time Build Order
Export as new Build Order

Mez Terran - Winner!

Build Orders: Reaper Expand 

Get SALT Encoding   

  12  0:01  SCV  
  13  0:13  SCV  
  14  0:17  Supply Depot  
  14  0:25  SCV  
  15  0:38  SCV  
  15  0:39  Barracks  
  16  0:43  Refinery  
  16  0:50  SCV  
  17  1:03  SCV  
  18  1:15  SCV  
  19  1:28  Orbital Command  
  19  1:29  Reaper  
  20  1:42  Command Center  
  20  1:51  Bunker  
  20  1:56  SCV  
  20  2:00  Supply Depot  
  21  2:03  Barracks Reactor  
  21  2:13  SCV  
  22  2:29  SCV  
  22  2:33  Command Center  
  22  2:41  Marine  
  22  2:42  Marine  
  24  2:46  Factory  
  24  2:47  SCV  
  25  2:58  Orbital Command  
  25  2:59  SCV  
  25  3:02  Marine  
  25  3:04  Marine  
  28  3:10  Refinery  
  28  3:12  SCV  
  29  3:20  Marine  
  29  3:22  Marine  
  29  3:24  SCV  
  29  3:25  SCV  
  33  3:36  Widow Mine, SCV  
  33  3:38  SCV  
  36  3:42  Starport  
  36  3:48  SCV, Orbital Command  
  37  3:49  Marine  
  37  3:50  SCV  
  37  3:54  Marine  
  40  3:58  Widow Mine  
  40  4:00  SCV  
  40  4:02  SCV  
  44  4:04  Refinery  
  44  4:12  SCV  
  44  4:14  SCV  
  44  4:16  Supply Depot  
  46  4:18  SCV  
  46  4:23  Starport Tech Lab  
  48  4:24  SCV  
  48  4:26  SCV  
  48  4:30  SCV  
  51  4:36  SCV  
  51  4:38  SCV, Marine x2  
  53  4:39  Supply Depot  
  53  4:41  Factory Tech Lab  
  53  4:42  Raven, SCV  
  53  4:43  Barracks  
  56  4:47  Barracks  
  56  4:48  SCV  
  57  4:56  SCV x2  
  59  5:00  Engineering Bay, Refinery, SCV  
  59  5:02  Orbital Command  
  59  5:03  Engineering Bay  
  60  5:08  SCV  
  60  5:09  Supply Depot  
  60  5:10  Marine x2  
  63  5:18  SCV  
  63  5:20  SCV  
  65  5:28  Marine  
  66  5:29  SCV  
  66  5:30  SCV  
  66  5:34  Starport Reactor  
  68  5:36  Bunker  
  68  5:37  Factory Reactor  
  68  5:38  SCV  
  68  5:40  Terran Infantry Armor Level 1, Terran Infantry Weapons Level 1  
  68  5:41  SCV, Barracks  
  70  5:43  Barracks  
  70  5:44  Stimpack, Combat Shield  
  70  5:45  Marauder  
  70  5:47  Marine  
  73  5:52  Missile Turret  
  73  5:53  Missile Turret  
  73  5:56  Missile Turret, SCV  
  74  5:57  SCV  
  74  6:01  SCV  
  76  6:04  Marine  
  76  6:05  Marauder  
  76  6:08  SCV  
  80  6:12  SCV  
  80  6:13  SCV, Supply Depot  
  82  6:18  Marine  
  82  6:19  Marauder, Supply Depot  
  85  6:26  SCV  
  85  6:29  SCV  
  85  6:34  SCV, Marine, Medivac x2  
  85  6:38  SCV  
  92  6:41  SCV, Barracks Tech Lab  
  92  6:42  Barracks Reactor, Marine, Marauder x2  
  92  6:43  Supply Depot  
  95  6:52  Marine  
  95  6:53  Widow Mine x2  
  100  6:54  SCV  
  100  6:58  Refinery  
  100  7:00  Supply Depot x2  
  101  7:01  Supply Depot  
  101  7:04  SCV x2, Medivac x2  
  101  7:05  Armory  
  101  7:06  SCV  
  101  7:08  Marine  
  109  7:18  Refinery  
  109  7:21  SCV, Marine x2  
  109  7:22  Widow Mine x2, SCV x2, Marauder x3  
  121  7:34  SCV  
  121  7:36  Marine x2  
  123  7:37  Supply Depot  
  123  7:39  Marine, Supply Depot  
  123  7:41  SCV x2  
  123  7:43  Marauder x3  
  123  7:44  Supply Depot  
  132  7:45  Supply Depot  
  132  7:46  Command Center  
  132  7:50  Ghost Academy  
  132  7:57  Marine  
  132  7:58  Marine x3, Medivac x2  
  138  8:10  Missile Turret  
  138  8:11  Missile Turret  
  139  8:12  SCV  
  139  8:13  SCV x2  
  139  8:15  Marine x2, Marauder x2  
  147  8:46  Marine x3  
  147  8:47  Marine, Marauder x3  
  154  8:52  Medivac x2  
  154  8:53  Barracks  
  154  8:54  SCV x3, Starport  
  161  8:55  Barracks  
  161  8:57  Barracks  
  161  9:04  Marine x2  
  161  9:06  SCV x3  
  166  9:12  Marine x2  
  166  9:14  Ghost x3  
  174  9:18  Widow Mine x2  
  174  9:22  Planetary Fortress, Supply Depot  
  169  9:49  Marine  
  169  9:50  Marine x6, Marauder  
  169  9:51  Marauder x2  
  168  9:53  Widow Mine x2  
  171  10:15  Barracks Reactor x2  
Show
View Real Time Build Order
Export as new Build Order

Passman Protoss 

Build Orders: 1 Gate Expand, Oracle Opening, Phoenix Opening 

Get SALT Encoding   

  12  0:01  Probe  
  13  0:13  Probe  
  14  0:18  Pylon  
  14  0:25  Probe  
  15  0:33  Probe  
  15  0:37  Gateway  
  15  0:41  Probe  
  16  0:46  Assimilator  
  17  0:51  Probe  
  18  1:02  Probe  
  19  1:10  Probe  
  19  1:18  Probe  
  21  1:26  Nexus  
  21  1:36  Cybernetics Core  
  21  1:44  Probe  
  21  1:46  Assimilator  
  22  1:53  Pylon  
  22  1:56  Probe  
  23  2:03  Stalker  
  23  2:11  Probe  
  23  2:13  Warp Gate  
  26  2:27  Probe  
  26  2:31  Stargate  
  26  2:38  Stalker  
  28  2:44  Probe  
  28  2:46  Gateway  
  28  2:50  Probe  
  30  2:52  Probe  
  31  3:02  Probe  
  31  3:03  Probe  
  33  3:05  Oracle  
  33  3:14  Probe  
  33  3:15  Probe  
  38  3:23  Pylon  
  38  3:26  Probe  
  39  3:27  Probe  
  40  3:38  Probe  
  40  3:39  Probe  
  42  3:44  Phoenix  
  44  3:51  Probe  
  44  3:53  Probe  
  46  3:57  Assimilator, Gateway x2  
  46  3:59  Assimilator  
  46  4:03  Probe  
  46  4:05  Probe  
  46  4:07  Robotics Facility  
  48  4:11  Phoenix  
  48  4:15  Probe  
  48  4:27  Probe  
  49  4:38  Zealot, Sentry  
  51  4:39  Probe, Nexus  
  54  4:51  Twilight Council  
  54  4:53  Pylon  
  54  4:58  Pylon  
  54  5:05  Phoenix  
  54  5:06  Pylon  
  54  5:08  Probe  
  54  5:09  Probe  
  54  5:11  Stargate  
  54  5:12  Observer  
  59  5:16  Probe  
  59  5:18  Probe  
  60  5:23  Zealot x2  
  60  5:26  Probe  
  65  5:29  Phoenix  
  65  5:30  Probe, Charge  
  69  5:38  Probe  
  69  5:42  Zealot x2  
  72  5:47  Probe  
  75  5:50  Probe  
  75  5:55  Forge  
  75  5:56  Forge  
  76  5:59  Probe  
  76  6:00  Phoenix  
  79  6:04  Phoenix  
  79  6:05  Probe  
  79  6:06  Observer  
  83  6:11  Probe  
  83  6:12  Probe  
  83  6:13  Probe  
  83  6:18  Zealot  
  88  6:23  Probe  
  89  6:29  Phoenix x2  
  93  6:58  Protoss Ground Armor Level 1, Protoss Ground Weapons Level 1, Pylon  
  93  7:00  Pylon  
  93  7:02  Pylon  
  93  7:05  Gateway  
  93  7:09  Gateway  
  93  7:10  Assimilator  
  93  7:12  Probe, Gateway  
  93  7:14  Assimilator  
  93  7:16  Probe, Phoenix x2  
  93  7:17  Probe  
  93  7:18  Immortal  
  93  7:22  Probe  
  104  7:28  Probe  
  104  7:29  Probe  
  107  7:41  Zealot x3, Probe, Phoenix  
  116  7:45  Gateway  
  116  7:47  Probe, Pylon, Gateway  
  117  7:52  Pylon  
  117  7:53  Pylon  
  117  7:55  Pylon  
  117  7:58  Pylon  
  117  7:59  Probe  
  117  8:00  Probe  
  117  8:04  Pylon  
  112  8:05  Phoenix  
  112  8:06  Phoenix  
  112  8:08  Stalker x2  
  112  8:11  Photon Cannon, Probe  
  112  8:12  Probe  
  122  8:16  Probe  
  123  8:20  Probe, Observer  
  123  8:24  Probe  
  123  8:25  Zealot x3  
  131  8:28  Probe  
  132  8:36  Probe  
  115  8:49  Zealot x6  
  115  8:50  Zealot  
  115  8:51  Zealot x2  
  129  9:01  Robotics Bay, Phoenix  
  129  9:02  Phoenix  
  133  9:20  Nexus  
  133  9:26  Robotics Facility  
  133  9:30  Pylon  
  133  9:31  Zealot x2  
  133  9:32  Zealot x3  
  133  9:33  Pylon  
  133  9:36  Zealot x2  
  136  9:52  Zealot x4  
  110  9:53  Zealot x3  
Tags
 
Add a new tag
Caveats
  • Supply blocks, unpowered buildings, or Contaminate may cause inaccurate times.
  • Supply counts are checked every 10 seconds.